 Dungeon Crawl Stone Soup version 0.16.1-51-g6203257 (webtiles) character file.

2551 kae the Destroyer (level 9, -1/45 HPs)
             Began as a Tengu Fire Elementalist on Aug 5, 2015.
             Slain by a killer bee (4 damage)
             ... on level 9 of the Dungeon on Aug 8, 2015.
             The game lasted 00:15:32 (8079 turns).

kae the Destroyer (Tengu Fire Elementalist)         Turns: 8079, Time: 00:15:32

Health: -1/45      AC:  8    Str:  9      XL:     9   Next: 56%
Magic:  4/23       EV: 12    Int: 18 (19) God:
Gold:   165        SH:  0    Dex: 14      Spells: 4 memorised, 9 levels left

rFire  . . .     SeeInvis .     r - +0 spear
rCold  + . .     Clarity  .     a - +0 robe
rNeg   . . .     SustAb   .     (no shield)
rPois  .         Gourm    .     (helmet restricted)
rElec  .         Spirit   .     J - +2 cloak
rCorr  .         Warding  .     K - +2 pair of gloves
rMut   .         Stasis   .     (boots unavailable)
MR     .....                    (no amulet)
Stlth  ++........               M - ring of protection from cold (curse)
                                h - +3 ring of slaying

@: lethally poisoned (-1 -> -4), not resistant to hostile enchantments,
unstealthy
A: able to fly, beak, talons 3
a: Fly


You were on level 9 of the Dungeon.
You were hungry.

You visited 2 branches of the dungeon, and saw 9 of its levels.

You collected 285 gold pieces.
You spent 120 gold pieces at shops.

Inventory:

Hand weapons
 n - a +0 dagger
 r - a +0 spear (weapon)
 t - a +2 long sword of electrocution
 u - a cursed -1 long sword
 C - a +2 whip of venom
Armour
 a - a +0 robe (worn)
 J - a +2 cloak (worn)
 K - a +2 pair of gloves (worn)
Jewellery
 h - a +3 ring of slaying (left hand)
 A - an uncursed ring of invisibility
 F - an uncursed ring of positive energy
 M - a cursed ring of protection from cold (right hand)
Magical devices
 m - a wand of magic darts (13)
 w - a wand of fireball (4)
 y - a wand of lightning (11)
 z - a wand of confusion (19)
Scrolls
 g - 2 scrolls of blinking
 j - a scroll of recharging
 k - a scroll of noise
 o - a scroll of fear
 s - 3 scrolls of teleportation
 D - 2 scrolls of identify
Potions
 d - a potion of haste
 e - 2 potions of cancellation
 f - 2 potions of brilliance
 i - a potion of lignification
 p - 2 potions of might {unknown}
 q - a potion of magic
 x - a potion of restore abilities {unknown}
 E - a potion of resistance {unknown}
 G - a potion of invisibility {unknown}
 H - 3 potions of curing
 I - a potion of heal wounds
Books
 b - a book of Flames

   Spells                             Type                      Level
   a - Flame Tongue                   Conjuration/Fire             1
   b - Throw Flame                    Conjuration/Fire             2
   c - Conjure Flame                  Conjuration/Fire             3
   d - Inner Flame                    Hexes/Fire                   3
   e - Sticky Flame                   Conjuration/Fire             4
   f - Fireball                       Conjuration/Fire             5
Comestibles
 c - 7 bread rations
 l - 3 beef jerkies
 v - 7 fruits
 B - 2 royal jellies
 L - 3 chunks of flesh


   Skills:
 - Level 2.1 Dodging
 - Level 2.0 Stealth
 + Level 5.5 Spellcasting
 * Level 10.3 Conjurations
 * Level 9.5 Fire Magic


You had 9 spell levels left.
You knew the following spells:

 Your Spells              Type           Power        Failure   Level  Hunger
a - Flame Tongue          Conj/Fire      #####        1%          1    None
b - Throw Flame           Conj/Fire      #####.       1%          2    #......
c - Conjure Flame         Conj/Fire      #####...     1%          3    ##.....
d - Sticky Flame          Conj/Fire      #####...     2%          4    ####...


Dungeon Overview and Level Annotations

Branches:
Dungeon (9/15)             Temple (1/1) D:4
   Lair: D:8-11         Orc: D:9-12

Altars:
Ashenzari
Cheibriados
Dithmenos
Elyvilon
Fedhas
Gozag
Kikubaaqudgha
Makhleb
Nemelex Xobeh
Qazlal
Ru
Trog
Xom
Zin
The Shining One
Jiyva

Shops:
D:5 !   D:7 (*


Innate Abilities, Weirdness & Mutations

You can fly.
You have a beak for a mouth.
You have claws for feet.


Message History

The killer bee is lightly wounded.
The killer bee is covered in liquid flames!
The killer bee burns!
The killer bee stings you but does no damage. x4
You completely miss the killer bee.
The killer bee burns!
The killer bee stings you.
You are poisoned.
The killer bee poisons you! The killer bee closely misses you.
The killer bee closely misses you.
The killer bee stings you but does no damage.
You closely miss the killer bee.
You feel sick.
The killer bee burns!
The killer bee stings you. x2
* * * LOW HITPOINT WARNING * * *
The killer bee barely misses you. The killer bee stings you.
* * * LOW HITPOINT WARNING * * *
You hit the killer bee. You claw the killer bee.
You kill the killer bee!
* * * LOW HITPOINT WARNING * * *
You feel sick. The killer bee stings you.
You die...

#.......$..
#.........#
#.........#
#.....()..#
#.........#
#.........#
#...).....#
#.).)...y.#
#......††@#
#......####
#......#
#.(....#
#........
#.y.......
#.........
#....y..###
###..#.#


You could see a killer bee.

Vanquished Creatures
  Eustachio (D:7)
  A hippogriff (D:6)
  A hungry ghost (D:7)
  A black bear (D:6)
  An ice beast (D:6)
  3 sky beasts
  2 ogres
  2 centaurs
  Blork the orc (D:4)
  2 giant frogs
  2 scorpions
  6 killer bees (D:9)
  A centaur zombie (D:6)
  A crimson imp (D:5)
  A hound (D:4)
  An orc priest (D:5)
  2 centaur skeletons (D:6)
  2 orc wizards (D:6)
  An iguana (D:5)
  A gnoll shaman (D:5)
  8 worker ants
  Ijyb (D:3)
  Jessica (D:3)
  A hound skeleton (D:5)
  12 adders
  7 gnolls
  2 river rats (D:5)
  4 shadow imps
  A giant mite (D:5)
  An adder skeleton (D:6)
  6 giant geckos
  13 orcs
  3 bat zombies
  8 giant cockroaches
  12 goblins
  8 hobgoblins
  8 jackals
  2 ball pythons
  12 bats
  6 giant newts
  11 kobolds
  4 quokkas
  9 rats
173 creatures vanquished.

Vanquished Creatures (others)
  A scorpion (D:4)
  2 worker ants (D:4)
  An orc wizard (D:4)
  3 orcs (D:4)
7 creatures vanquished.

Grand Total: 180 creatures vanquished

Notes
Turn   | Place    | Note
--------------------------------------------------------------
     0 | D:1      | kae, the Tengu Fire Elementalist, began the quest for the Orb.
     0 | D:1      | Reached XP level 1. HP: 10/10 MP: 3/3
   437 | D:1      | Reached XP level 2. HP: 13/15 MP: 1/5
   484 | D:1      | Learned a level 2 spell: Throw Flame
   968 | D:2      | Found a sparkling altar of Nemelex Xobeh.
   968 | D:2      | Found a shadowy altar of Dithmenos.
  1013 | D:2      | Found a glowing golden altar of the Shining One.
  1110 | D:2      | Reached XP level 3. HP: 13/19 MP: 1/7
  1147 | D:2      | Reached skill level 4 in Fire Magic
  1232 | D:2      | Found an ancient bone altar of Kikubaaqudgha.
  1602 | D:3      | Noticed a sky beast
  1620 | D:3      | Killed a sky beast
  1620 | D:3      | Reached XP level 4. HP: 2/24 MP: 0/9
  1620 | D:3      | Reached XP level 5. HP: 2/28 MP: 0/11
  1903 | D:3      | Learned a level 3 spell: Conjure Flame
  2006 | D:3      | Noticed Ijyb
  2016 | D:3      | Killed Ijyb
  2016 | D:3      | Reached skill level 5 in Fire Magic
  2491 | D:3      | Noticed Jessica
  2495 | D:3      | Killed Jessica
  2794 | D:3      | Reached XP level 6. HP: 32/32 MP: 10/13
  3004 | D:4      | Noticed Blork the orc
  3278 | D:4      | Learned a level 4 spell: Sticky Flame
  3355 | D:4      | Reached skill level 5 in Conjurations
  4212 | D:4      | Found a burning altar of Makhleb.
  4251 | D:4      | Found a staircase to the Ecumenical Temple.
  4261 | Temple   | Entered the Ecumenical Temple
  4483 | D:4      | Found a bloodstained altar of Trog.
  4684 | D:4      | Killed Blork the orc
  4684 | D:4      | Reached skill level 6 in Conjurations
  4684 | D:4      | Reached XP level 7. HP: 31/36 MP: 9/17
  4760 | D:5      | Entered Level 5 of the Dungeon
  4801 | D:5      | Found a shimmering altar of Xom.
  4818 | D:5      | Found a shimmering altar of Xom.
  4818 | D:5      | Found a shimmering altar of Xom.
  4818 | D:5      | Found a shimmering altar of Xom.
  4818 | D:5      | Found a shimmering altar of Xom.
  4819 | D:5      | Found a shimmering altar of Xom.
  4821 | D:5      | Found a shimmering altar of Xom.
  4821 | D:5      | Found a shimmering altar of Xom.
  4822 | D:5      | Found a shimmering altar of Xom.
  5375 | D:5      | Found a stormy altar of Qazlal.
  5403 | D:5      | Reached skill level 7 in Conjurations
  5473 | D:5      | Found Gitiar's Distillery.
  5486 | D:5      | Bought a potion of curing for 45 gold pieces
  5486 | D:5      | Bought a potion of heal wounds for 75 gold pieces
  5883 | D:5      | Reached XP level 8. HP: 35/41 MP: 11/20
  6307 | D:6      | Reached skill level 8 in Conjurations
  6995 | D:6      | Reached skill level 9 in Conjurations
  7108 | D:6      | Reached XP level 9. HP: 45/45 MP: 19/22
  7696 | D:7      | Found Ruulux's Assorted Antiques.
  7699 | D:7      | Reached skill level 5 in Spellcasting
  7778 | D:7      | Noticed Eustachio
  7840 | D:7      | Killed Eustachio
  7908 | D:7      | Found Trakho's Antique Weapon Shop.
  7925 | D:7      | You fall through a shaft for 2 floors!
  8027 | D:9      | Reached skill level 10 in Conjurations
  8079 | D:9      | Slain by a killer bee

Action                   |  1- 3 |  4- 6 |  7- 9 || total
-------------------------+-------+-------+-------++-------
Melee: Dagger            |     9 |       |       ||     9
       Unarmed           |     5 |       |       ||     5
       Spear             |    33 |    60 |   128 ||   221
 Cast: Flame Tongue      |    32 |    60 |   109 ||   201
       Throw Flame       |     3 |    33 |    28 ||    64
       Sticky Flame      |       |     1 |    19 ||    20
       Conjure Flame     |       |     1 |     1 ||     2
  Use: Potion            |       |     5 |     1 ||     6
       Scroll            |       |     9 |     1 ||    10
 Stab: Sleeping          |     3 |     4 |    11 ||    18
       Distracted        |       |       |     1 ||     1
  Eat: Chunk             |     3 |    11 |    15 ||    29
       Pizza             |       |       |     1 ||     1
